 Dungeon Crawl Stone Soup version 0.22-a0-395-gfed312b (webtiles) character file.

272 Serpenta the Chopper (level 6, 0/47 HPs)
             Began as a Mummy Chaos Knight on May 3, 2018.
             Slain by a hound (7 damage)
             ... on level 4 of the Dungeon.
             The game lasted 00:05:21 (3918 turns).

Serpenta the Chopper (Mummy Chaos Knight)           Turns: 3918, Time: 00:05:22

Health: 0/47       AC:  6    Str: 17    XL:     6   Next: 2%
Magic:  6/6        EV: 10    Int: 11    God:    Xom [....*.]
Gold:   106        SH:  0    Dex: 12    Spells: 5/5 levels left

rFire    x . .     SeeInvis .   a - +0 hand axe (chaos)
rCold    + . .     Gourm    .   (no shield)
rNeg     + + +     Faith    .   i - +0 ring mail (curse)
rPois    ∞         Spirit   .   h - +0 helmet
rElec    .         Reflect  .   (no cloak)
rCorr    .         Harm     .   (no gloves)
MR       +....                  (no boots)
Stlth    +.........             (no amulet)
HPRegen  0.15/turn              f - ring of protection from magic
MPRegen  0.10/turn              (no ring)

@: no status effects
A: no food or potions, fire vulnerability, cold resistance 1, negative energy
resistance 3, torment resistance, unbreathing
a: Renounce Religion


You were on level 4 of the Dungeon.
You worshipped Xom.
You were a beloved toy of Xom.
You were not hungry.

You visited 1 branch of the dungeon, and saw 4 of its levels.

You collected 106 gold pieces.


Innate Abilities, Weirdness & Mutations

You do not eat or drink.
Your flesh is vulnerable to fire.
You are immune to poison.
Your flesh is cold resistant. (rC+)
You are immune to negative energy. (rN+++)
You are immune to unholy pain and torment.
You can survive without breathing.


   Skills:
 - Level 3.0 Fighting
 + Level 5.6 Axes
 - Level 1.5 Armour
 - Level 0.7 Dodging


You had 5 spell levels left.
You didn't know any spells.

Action                   |  1- 3 |  4- 6 || total
-------------------------+-------+-------++-------
Melee: Hand axe          |   103 |   202 ||   305
Throw: Tomahawk          |       |     1 ||     1
  Use: Scroll            |       |     4 ||     4
 Stab: Sleeping          |     1 |       ||     1
       Paralysed         |     5 |     7 ||    12
       Petrifying        |       |     1 ||     1
Armor: Leather armour    |    65 |    40 ||   105
       Ring mail         |       |    53 ||    53
Dodge: Dodged            |    81 |   147 ||   228

Inventory:

Hand Weapons
 a - a +0 hand axe of chaos (weapon)
Missiles
 j - 3 tomahawks (quivered)
Armour
 b - a +2 leather armour
 h - a +0 helmet (worn)
 i - a cursed +0 ring mail (worn)
Jewellery
 f - a ring of protection from magic (left hand)
Scrolls
 c - 4 scrolls of remove curse
 e - a scroll of fog
 g - 2 scrolls of identify

*,,,,,,***************** *
****,,,,,,,,,,,,,,,....#****** *
******,,,,,,,,,,,,.....#*,,,,****
,,,,,,,,,...,,,,,,.....#*,,,,,,,,
,,,,,,,,,...,,,,,,......,,,,,,,>,
,*,,,,,,,#...,####......,,,,,,,,,
,,,,,*,,,+....+$......,.,,,,,,,,,
,,,,,****#....#....###..,,,,,,,,,
,,,,,,,,,......h@.......,,,,,,,,,
,,*,,**,,......h........,,,,,,,,,
,,,,∆,,,,.......<......$,,,,,,,,,
.............#..........,,,,,,,,,
.(...(.......#..........,,,,,***,
........................,,,,,,**,
........................,,,,,,**,
........................,,,,,,,*,
..............####......,,,,,,,*,


You could see 2 hounds.

Vanquished Creatures
  An ogre (D:4)
  A quasit (D:2)
  Robin (D:2)
  6 adders
  2 worms
  2 dart slugs
  3 leopard geckos
  6 orcs
  11 bats
  6 giant cockroaches
  13 goblins
  12 hobgoblins
  7 jackals
  3 kobolds
  A quokka (D:2)
  2 frilled lizards (D:3)
  13 rats
90 creatures vanquished.

Vault maps used:
D:1:      lightli_arrival_maybe_door_vault
D:3:      minitemple, chequers_temple_overflow_statue_of_worship, uniq_robin
D:4:      lemuel_coloured_pillars_altar, gup_sewer_entry_bubbles, first_ration,
          uniq_grinder


Message History

You hit the hound. You freeze the hound. Xom grants you insight.
You detect items!
The hound bites you. The hound closely misses you.
The hound completely misses you. The hound misses you.
You barely miss the hound.
The hound is heavily wounded.
You hit the hound. You freeze the hound. The hound bites you.
The hound bites you but does no damage. The hound closely misses you.
The hound bites you.
* * * LOW HITPOINT WARNING * * *
The hound closely misses you. x2
You slash the hound! You freeze the hound.
The hound is almost dead.
You miss the hound. The hound bites you but does no damage.
The hound bites you.
* * * LOW HITPOINT WARNING * * *
The hound bites you.
* * * LOW HITPOINT WARNING * * *
The hound bites you!
You die...

Notes
Turn   | Place    | Note
-------+----------+-------------------------------------------
     0 | D:1      | Serpenta the Mummy Chaos Knight began the quest for the Orb.
     0 | D:1      | Reached XP level 1. HP: 18/18 MP: 1/1
   131 | D:1      | Reached XP level 2. HP: 24/24 MP: 2/2
   132 | D:1      | Reached skill level 3 in Axes
   304 | D:1      | XOM: smoke on damage
   316 | D:1      | XOM: god gift: ration {god gift}
   627 | D:1      | Reached XP level 3. HP: 29/29 MP: 3/3
   668 | D:2      | Reached skill level 4 in Axes
   744 | D:2      | XOM: god gift: golden potion {god gift}
   863 | D:2      | Reached XP level 4. HP: 7/35 MP: 4/4
   963 | D:1      | XOM: mild Conj miscast
  1472 | D:2      | XOM: blink monster(s)
  1483 | D:2      | XOM: polymorph orc wizard -> iguana
  2221 | D:3      | Noticed Robin
  2234 | D:2      | XOM: divination: detect creatures
  2472 | D:2      | Killed Robin
  2472 | D:2      | Reached XP level 5. HP: 32/41 MP: 5/5
  2537 | D:2      | XOM: cloud trail
  2870 | D:3      | Reached skill level 5 in Axes
  2949 | D:3      | XOM: harmless Ice miscast
  3106 | D:3      | XOM: 1-stop teleportation journey
  3109 | D:3      | Found a shattered altar of Ashenzari.
  3109 | D:3      | Found a sparkling altar of Nemelex Xobeh.
  3142 | D:3      | Found an ornate altar of the Wu Jian Council.
  3197 | D:3      | Found an ancient bone altar of Kikubaaqudgha.
  3197 | D:3      | XOM: scenery: create altars
  3622 | D:4      | Noticed an ogre
  3622 | D:4      | XOM: summons friendly iron imp
  3634 | D:4      | Noticed an ogre
  3634 | D:4      | Killed an ogre
  3693 | D:4      | Noticed Kairos's ghost (novice DDMo)
  3714 | D:4      | XOM: fog
  3912 | D:4      | Reached XP level 6. HP: 33/47 MP: 6/6
  3916 | D:4      | XOM: divination: detect items
  3918 | D:4      | Slain by a hound
